 Dungeon Crawl Stone Soup version 0.30-a0-169-g06f667207d (webtiles) character file.

Game seed: 13443631354244188361

213599 qw the Warrior (level 18, -16/127 HPs)
             Began as a Gargoyle Fighter on Sept 29, 2022.
             Was a High Priest of Okawaru.
             Hit by a javelin thrown by a merfolk javelineer (18 damage)
             ... on level 4 of the Shoals.
             The game lasted 00:14:20 (27992 turns).

qw the Warrior (Gargoyle Fighter)                  Turns: 27992, Time: 00:14:20

Health: -16/127    AC: 57    Str: 34    XL:     18   Next: 96%
Magic:  25/25      EV: 10    Int: 20    God:    Okawaru [*****.]
Gold:   161        SH: 26    Dex:  8    Spells: 17/17 levels left

rFire   + + .      SeeInvis +    a - +5 war axe of Chance {protect, Str+5 Int+3}
rCold   x . .      Faith    .    l - +2 tower shield {rN+}
rNeg    + + +      Spirit   .    t - +3 plate armour {rN+}
rPois   inf        Reflect  +    n - +2 hat
rElec   +          Harm     .    g - +2 cloak
rCorr   +          Rampage  .    o - +2 pair of gloves of Ofaiz {Fly rF+ Regen+}
Will    +....                    c - +2 pair of boots
Stlth   ..........               H - amulet of reflection
HPRegen 1.11/turn                F - ring "Xischowno" {Fly rCorr Int+2 Slay+5}
MPRegen 0.19/turn                u - ring "Xogoigoh" {rF+ rC- Str+6 Slay+4}

@: heroic, under a protective aura, flying
A: sickness immunity, AC +13, big wings, negative energy resistance 1,
electricity resistance, torment resistance 1, petrification resistance, see
invisible, clever 1, weak 1
}: 1/15 runes: barnacled
a: Renounce Religion, Heroism, Finesse, Duel


You were on level 4 of the Shoals.
You worshipped Okawaru.
Okawaru was extremely pleased with you.
You visited 5 branches of the dungeon, and saw 29 of its levels.
You visited the Abyss 1 time.

You collected 3922 gold pieces.
You spent 3761 gold pieces at shops.


Innate Abilities, Weirdness & Mutations

You are immune to sickness and miasma.
Your stone body is resilient. (AC +13)
You are immune to poison.
Your large and strong wings let you fly.
You resist negative energy. (rN+)
You are resistant to electric shocks. (rElec)
You are resistant to unholy torment.
You are immune to petrification.
You have supernaturally acute eyesight. (SInv)
Your mind is acute. (Int +4, Str/Dex -1)
You are weak. (Str -2)


   Skills:
 - Level 18.8(23.8) Fighting
 - Level 16.0(21.0) Axes
 - Level 9.0(14.0) Throwing
 - Level 17.0(22.0) Armour
 - Level 4.0(9.0) Dodging
 + Level 14.3(19.3) Shields
 - Level 10.0 Invocations


You had 17 spell levels left.
You didn't know any spells.
Your spell library was empty.

Inventory:

Hand Weapons
 a - the +5 war axe of Chance (weapon) {protect, Str+5 Int+3}
   (You found it on level 3 of the Dungeon)

   It grants its wielder temporary protection when it strikes (+7 to AC).
   Str:       It affects your strength (+5).
   Int:       It affects your intelligence (+3).
Missiles
 p - 5 silver javelins (quivered)
 z - 11 javelins
 B - 27 boomerangs
 I - a silver boomerang
Armour
 b - +0 acid dragon scales
 c - a +2 pair of boots (worn)
 g - a +2 cloak (worn)
 l - a +2 tower shield of positive energy (worn)
 n - a +2 hat (worn)
 o - the +2 pair of gloves of Ofaiz (worn) {Fly rF+ Regen+}
   (You acquired it on level 5 of the Lair of Beasts)

   rF:        It protects you from fire.
   Fly:       It grants you flight.
   Regen:     It increases your rate of health regeneration.
 t - a +3 plate armour of positive energy (worn)
 x - a +2 plate armour of positive energy
Jewellery
 m - a ring of protection from cold
 q - a ring of protection from fire
 s - a ring of ice
 u - the ring "Xogoigoh" (right hand) {rF+ rC- Str+6 Slay+4}
   (You acquired it on level 2 of the Dungeon)

   [ring of slaying]

   Str:       It affects your strength (+6).
   Slay:      It affects your accuracy & damage with ranged weapons and melee
   (+4).
   rF:        It protects you from fire.
   rC:        It makes you vulnerable to cold.
 y - a +4 ring of evasion
 E - the ring of the Jolly Orbs {rF+ Int+7 SInv}
   (You acquired it on level 2 of the Dungeon)

   [ring of protection from fire]

   Int:       It affects your intelligence (+7).
   rF:        It protects you from fire.
   SInv:      It lets you see invisible.
 F - the ring "Xischowno" (left hand) {Fly rCorr Int+2 Slay+5}
   (You found it on level 9 of the Dungeon)

   [ring of flight]

   Int:       It affects your intelligence (+2).
   Slay:      It affects your accuracy & damage with ranged weapons and melee
   (+5).
   Fly:       It grants you flight.
   rCorr:     It protects you from acid and corrosion.
 G - the amulet of Red Wine {Spirit rC+}
   (You bought it in a shop on level 2 of the Orcish Mines)

   [amulet of guardian spirit]

   It causes incoming damage to be divided between your reserves of health and
   magic.
   rC:        It protects you from cold.
 H - an amulet of reflection (around neck)
 J - the ring "Mitwoh" {rCorr Dex+6}
   (You took it off a merfolk aquamancer on level 4 of the Shoals)

   [ring of dexterity]

   Dex:       It affects your dexterity (+6).
   rCorr:     It protects you from acid and corrosion.
 L - the ring "Xeutaileilost" {Fire Will+ SInv}
   (You bought it in a shop on level 1 of the Snake Pit)

   [ring of fire]

   It enhances your fire magic.
   rF:        It protects you from fire.
   rC:        It makes you vulnerable to cold.
   SInv:      It lets you see invisible.
   Will:      It increases your willpower.
Scrolls
 j - 6 scrolls of teleportation
 r - 17 scrolls of identify
 v - 8 scrolls of brand weapon
 w - 6 scrolls of enchant weapon
Potions
 d - 7 potions of might
 f - 9 potions of mutation
 h - 7 potions of curing
 i - a potion of resistance
 k - 5 potions of haste
 A - 5 potions of lignification
 C - 4 potions of magic
 D - 2 potions of attraction
 K - a potion of cancellation

Dungeon Overview and Level Annotations

Branches:
Dungeon (15/15)            Temple (0/1) D:7            Lair (5/5) D:9
 Shoals (4/4) Lair:2        Snake (3/4) Lair:3        Slime (0/5) Lair:5
    Orc (2/2) D:9             Elf (0/3) Orc:2        Vaults (0/5) D:14
 Depths (0/4) D:15

Altars:
Ashenzari
Cheibriados
Dithmenos
Gozag
Hepliaklqana
Kikubaaqudgha
Makhleb
Okawaru
Qazlal
Ru
Sif Muna
Trog
Vehumet
Wu Jian
Xom
Yredelemnul

Shops:
D:1 (   D:7 ?   D:8 [   Orc:1 !   Orc:2 =(=?   Snake:1 [[:=   Snake:2 (*:

Portals:
Trove: D:13 (give +8 demon blade)

Annotations:
D:11 3 runed translucent doors, qw's ghost, journeyman GrFi
Lair:5 3 runed translucent doors, qw's ghost, journeyman GrFi


Message History

The water rises up and strikes you!
You hit the water elemental.
Your weapon exudes an aura of protection.
The water elemental is lightly damaged.
You hit the merfolk. You slash the water elemental!
You block the merfolk's attack. The water elemental hits you.
The merfolk hits you but does no damage.
You block the merfolk impaler's attack. x2
The water nymph points at you and mumbles some strange words.
The water rises up and strikes you. The water elemental hits you.
The water elemental engulfs you in water!
You slash the water elemental!
The water elemental is heavily damaged.
You slice the merfolk!! You slash the water elemental!
You block the merfolk impaler's attack. You block the water elemental's attack.
The merfolk impaler hits you from afar with a +1 trident of freezing.
The merfolk impaler freezes you.
The merfolk hits you from afar with a +0 spear!
You block the merfolk's attack.
The merfolk impaler hits you but does no damage.
You closely miss the merfolk.
The merfolk is heavily wounded.
You slice the water elemental!!
You destroy the water elemental!
Okawaru accepts your kill.
You slash the water elemental!
Your surroundings suddenly seem different. 2 merfolk, a water nymph, an air elemental, a manticore and a snapping turtle come into view.
A merfolk javelineer is wielding a +0 vampiric spear.
Found 2 potions of magic and 22 gold pieces.
The water engulfing you falls away.
The merfolk shouts!
The snapping turtle hisses angrily.
You hear a shout! x2
You hear a bleat!
You hear an angry hiss.
A dream sheep comes into view.
The water nymph points at you and mumbles some strange words.
The water rises up and strikes you.
A water nymph comes into view.
The merfolk javelineer throws a javelin.
The javelin pierces through you!!
You die...

~~#~~##~~##~~#~~.#.#..~)~..#..#
.~~~~~~~~~)~~)~..#.#...~#..#..#
................##.#...~...#..#
....#..##..#....#..#8.....8#..#
...^..............##########..#
############################''#
....m..m8##~~~~~~'~..#
Y~~~...~m##~~~~~~'..~#
.~~~~~~@~##~~#####...#
~~~t~~~..# ##~~##.~# .~~~~~~E.#
#~<~~#..# ~H.#.....# #~~~~#..#
m~....$.8# ##~~~~.~# ##########
###~~.~# ....~.# .~....~8#
##########


You could see a merfolk javelineer, a snapping turtle, a merfolk, a manticore, 2
water nymphs, an air elemental and a dream sheep (wandering).

Vanquished Creatures
  Jorgrun (Shoals:1)
  Mlioglotl (Shoals:1)
  Rupert (D:14)
  A titan (Shoals:4)
  Polyphemus (Shoals:2)
  Frances (Shoals:1)
  Roxanne (Shoals:3)
  An orc warlord (Orc:1)
  Nessos (Lair:3)
  Azrael (D:15)
  Josephine (D:13)
  2 merfolk javelineers
  7 merfolk impalers
  A yaktaur captain (D:11)
  Harold (Lair:2)
  2 salamander tyrants (Snake:2)
  4 ogre magi
  4 hydras
  6 centaur warriors
  2 catoblepae
  4 two-headed ogres
  4 merfolk aquamancers (Shoals:4)
  8 anacondas
  4 merfolk avatars
  A death knight (D:14)
  An alligator snapping turtle (Shoals:1)
  7 death yaks
  6 boulder beetles
  9 naga warriors
  9 naga sharpshooters
  An orc high priest (Orc:2)
  3 satyrs
  Urug (D:14)
  3 shock serpents
  A wretched star (Abyss:1)
  2 salamander mystics (Snake:2)
  Amaemon (Lair:2)
  A skeletal warrior (D:11)
  A sea snake (Shoals:2)
  4 wizards
  4 naga ritualists
  28 harpies
  3 deep elf pyromancers
  A necromancer (D:15)
  22 mana vipers
  An orc knight (Orc:1)
  A harpy (shapeshifter) (D:13)
  9 orc sorcerers
  18 ugly things
  15 salamanders
  10 manticores
  12 cyclopes
  27 fauns
  A worldbinder (Abyss:1)
  5 guardian serpents
  11 naga magi
  Maurice (Orc:2)
  A centaur zombie (D:15)
  18 black mambas
  8 water nymphs
  13 merfolk sirens
  An orange demon (Lair:2)
  A torpor snail (Lair:5)
  Maggie (D:9)
  2 unseen horrors
  14 cane toads
  5 rime drakes
  A yaktaur (D:15)
  A freezing wraith (D:14)
  A kobold demonologist (D:12)
  2 centaur skeletons (D:15)
  5 komodo dragons
  6 trolls
  A guardian mummy (D:13)
  3 burning bushes (Lair:1)
  21 merfolk
  10 polar bears
  10 wind drakes
  11 hornets
  4 raiju (Abyss:1)
  30 dream sheep
  4 blink frogs
  9 slime creatures (D:12)
  6 snapping turtles
  A large abomination (Abyss:1)
  Sigmund (D:2)
  2 air elementals (Shoals:4)
  A shadow (D:11)
  9 wyverns
  13 spriggans (Lair:5)
  7 wraiths
  A centaur simulacrum (D:15)
  17 water elementals
  16 humans (D:14)
  3 basilisks
  67 yaks
  3 steam dragons
  A vampire mosquito (D:11)
  A golden eye (shapeshifter) (D:15)
  A human (shapeshifter) (D:15)
  5 fire elementals (D:15)
  A neqoxec (Abyss:1)
  4 wargs (Orc:1)
  24 nagas
  4 acid dragons
  A hell hound (D:15)
  17 water moccasins
  Duvessa (D:7)
  32 orc warriors
  7 black bears
  5 ogres
  8 boggarts
  23 wolves
  12 centaurs
  4 kobold brigands
  22 bullfrogs
  2 necrophages
  A scorpion (D:6)
  21 wights
  Dowan (D:7)
  A killer bee (D:9)
  2 howler monkeys
  3 electric eels
  4 crimson imps (D:7)
  2 quasits (Abyss:1)
  A jelly (D:8)
  6 hounds
  An iron imp (D:9)
  18 orc priests
  3 iguanas (D:6)
  46 orc wizards
  8 adders
  A shadow imp (D:6)
  2 white imps
  An ufetubus (D:6)
  4 worms
  2 dart slugs
  75 orcs
  6 ball pythons
  6 endoplasms
  3 giant cockroaches
  4 goblins
  4 hobgoblins
  6 jackals
  A quokka (D:2)
  4 bats
  A frilled lizard (D:1)
  10 kobolds
  7 rats
  A bush (D:9)
1041 creatures vanquished.

Vanquished Creatures (others)
  A salamander mystic (Snake:1)
  A wizard (D:13)
  A spriggan (D:13)
  26 fungi
  109 plants
  2 withered plants (Lair:5)
140 creatures vanquished.

Grand Total: 1181 creatures vanquished

Notes
Turn   | Place    | Note
-------+----------+-------------------------------------------
     0 | D:1      | qw the Gargoyle Fighter began the quest for the Orb.
     0 | D:1      | Reached XP level 1. HP: 14/14 MP: 1/1
     0 | D:1      | 0 ||| qw: Version: 0.2-a-12-gaebbb33
     0 | D:1      | 0 ||| qw: Game counter: 1275
     0 | D:1      | 0 ||| qw: Always use a shield: true
     0 | D:1      | 0 ||| qw: God list: Okawaru
     0 | D:1      | 0 ||| qw: Allow faded altars: false
     0 | D:1      | 0 ||| qw: Do Orc after D:15 true
     0 | D:1      | 0 ||| qw: Do second Lair branch before Depths: true
     0 | D:1      | 0 ||| qw: Lair rune preference: random
     0 | D:1      | 0 ||| qw: Plans: Normal, Zot:1-4, God:TSO, Crypt, Tomb,
                  | Pan, Slime:5, Hells, Abyss, Orb
     0 | D:1      | 0 ||| PLANNING D:1-11
   264 | D:1      | Reached XP level 2. HP: 13/19 MP: 2/2
   701 | D:1      | Found a faded altar of an unknown god.
  1031 | D:1      | Found Suos's Weapon Emporium.
  1047 | D:1      | 1047 ||| Stepping ~*~*~tactically~*~*~ (stealth).
  1048 | D:1      | 1048 ||| Stepping ~*~*~tactically~*~*~ (stealth).
  1180 | D:1      | 1180 ||| UPGRADING to +0 cloak.
  1185 | D:1      | 1185 ||| DROPPING orb of light.
  1186 | D:1      | 1186 ||| UPGRADING to +1 pair of gloves.
  1191 | D:1      | 1191 ||| READING 2 scrolls labelled WUXYSE VIAXT.
  1192 | D:1      | 1192 ||| READING scroll labelled JOGELU YTAO.
  1193 | D:1      | 1193 ||| DRINKING 2 black potions.
  1294 | D:1      | 1294 ||| DRINKING 2 sedimented coppery potions.
  1295 | D:1      | 1295 ||| DROPPING scroll of blinking.
  1296 | D:1      | 1296 ||| DROPPING potion of ambrosia.
  1297 | D:1      | 1297 ||| DROPPING potion of flight.
  1310 | D:2      | 1310 ||| STAIRDANCE
  1537 | D:2      | Reached skill level 3 in Axes
  1665 | D:2      | Reached XP level 3. HP: 23/23 MP: 3/3
  1798 | D:2      | You fall into a shaft and drop 2 floors!
  1802 | D:4      | 1802 ||| PLANNING SEWER
  1911 | D:4      | Reached XP level 4. HP: 20/28 MP: 4/4
  2043 | D:4      | Noticed a kobold brigand
  2053 | D:4      | Killed a kobold brigand
  2054 | D:4      | Reached XP level 5. HP: 21/32 MP: 5/5
  2164 | D:4      | 2164 ||| DROPPING +0 club.
  2450 | D:4      | 2450 ||| RIP SEWER
  2495 | D:4      | 2495 ||| PLANNING D:1-11
  2495 | D:4      | 2495 ||| UPGRADING to amulet of regeneration.
  2500 | D:4      | 2500 ||| READING scroll labelled BUERCH TUMULIESS.
  2501 | D:4      | 2501 ||| READING scroll labelled COAHIR FESE.
  2502 | D:4      | 2502 ||| READING scroll labelled BYQOSMINU.
  2508 | D:4      | 2508 ||| DRINKING 3 lumpy purple potions.
  2612 | D:4      | 2612 ||| DRINKING 2 puce potions.
  2612 | D:4      | Gained mutation: Your mind is acute. (Int +4, Str/Dex -1)
                  | [potion of mutation]
  2612 | D:4      | Gained mutation: You are weak. (Str -2) [potion of
                  | mutation]
  2612 | D:4      | Gained mutation: You have supernaturally acute eyesight.
                  | (SInv) [potion of mutation]
  2613 | D:4      | 2613 ||| DROPPING 2 potions of berserk rage.
  2657 | D:3      | 2657 ||| Stepping ~*~*~tactically~*~*~ (stealth).
  2661 | D:3      | 2661 ||| Stepping ~*~*~tactically~*~*~ (stealth).
  2721 | D:3      | 2721 ||| Stepping ~*~*~tactically~*~*~ (stealth).
  2725 | D:3      | 2725 ||| Stepping ~*~*~tactically~*~*~ (stealth).
  2743 | D:3      | Identified the +5 war axe of Chance {protect, Str+5 Int+3}
  2745 | D:3      | 2745 ||| SWAPPING to +5 war axe of Chance {protect, Str+5
                  | Int+3}.
  2746 | D:3      | 2746 ||| DROPPING +0 war axe.
  2785 | D:3      | Found a snail-covered altar of Cheibriados.
  3064 | D:2      | Noticed Sigmund
  3065 | D:2      | 3065 ||| Stepping ~*~*~tactically~*~*~ (hiding).
  3077 | D:2      | Killed Sigmund
  3078 | D:2      | Reached XP level 6. HP: 30/37 MP: 6/6
  3271 | D:2      | 3271 ||| READING 3 scrolls labelled VICZIK IKENESA.
  3271 | D:2      | Identified 3 scrolls of acquirement
  3271 | D:2      | 3271 ||| ACQUIRING +2 hat
  3271 | D:2      | Acquired a +2 hat
  3273 | D:2      | 3273 ||| UPGRADING to +2 hat.
  3278 | D:2      | 3278 ||| READING 2 scrolls of acquirement.
  3278 | D:2      | 3278 ||| ACQUIRING ring of the Jolly Orbs {rF+ Int+7 SInv}
  3278 | D:2      | Acquired the ring of the Jolly Orbs {rF+ Int+7 SInv}
  3280 | D:2      | 3280 ||| UPGRADING to ring of the Jolly Orbs {rF+ Int+7
                  | SInv}.
  3281 | D:2      | 3281 ||| READING scroll of acquirement.
  3281 | D:2      | 3281 ||| ACQUIRING ring "Xogoigoh" {rF+ rC- Str+6 Slay+4}
  3281 | D:2      | Acquired the ring "Xogoigoh" {rF+ rC- Str+6 Slay+4}
  3283 | D:2      | 3283 ||| UPGRADING to ring "Xogoigoh" {rF+ rC- Str+6
                  | Slay+4}.
  3284 | D:2      | 3284 ||| READING 2 scrolls labelled JOOQIC XEIRA.
  3285 | D:2      | 3285 ||| READING scroll labelled NUISTR HOIK.
  3327 | D:3      | Found a stormy altar of Qazlal.
  3454 | D:3      | Found a burning altar of Makhleb.
  3555 | D:3      | 3555 ||| DRINKING 2 bubbling coppery potions.
  3556 | D:3      | 3556 ||| READING 4 scrolls of identify.
  3556 | D:3      | 3556 ||| IDENTIFYING white potion
  3557 | D:3      | 3557 ||| READING 3 scrolls of identify.
  3557 | D:3      | 3557 ||| IDENTIFYING fuming emerald potion
  3558 | D:3      | 3558 ||| READING 2 scrolls of identify.
  3558 | D:3      | 3558 ||| IDENTIFYING fizzy silvery potion
  3559 | D:3      | 3559 ||| DROPPING potion of degeneration.
  3646 | D:4      | 3646 ||| Stepping randomly (stuck).
  3647 | D:4      | 3647 ||| Stepping randomly (stuck).
  3648 | D:4      | 3648 ||| Stepping randomly (stuck).
  3649 | D:4      | 3649 ||| Stepping randomly (stuck).
  3650 | D:4      | 3650 ||| Stepping randomly (stuck).
  3652 | D:4      | 3652 ||| Stepping randomly (stuck).
  3653 | D:4      | 3653 ||| Stepping randomly (stuck).
  3654 | D:4      | 3654 ||| Stepping randomly (stuck).
  3655 | D:4      | 3655 ||| Stepping randomly (stuck).
  3656 | D:4      | 3656 ||| Stepping randomly (stuck).
  3720 | D:5      | Entered Level 5 of the Dungeon
  3832 | D:5      | Noticed a black bear
  3835 | D:5      | Killed a black bear
  3836 | D:5      | Reached skill level 4 in Fighting
  3836 | D:5      | Reached XP level 7. HP: 44/44 MP: 7/7
  4226 | D:5      | Reached skill level 6 in Axes
  4286 | D:6      | 4286 ||| STAIRDANCE
  4361 | D:6      | 4361 ||| Stepping ~*~*~tactically~*~*~ (stealth).
  4362 | D:6      | 4362 ||| Stepping ~*~*~tactically~*~*~ (stealth).
  4363 | D:6      | 4363 ||| Stepping ~*~*~tactically~*~*~ (stealth).
  4364 | D:6      | 4364 ||| Stepping ~*~*~tactically~*~*~ (hiding).
  4367 | D:6      | Reached skill level 1 in Dodging
  4391 | D:6      | 4391 ||| Stepping ~*~*~tactically~*~*~ (stealth).
  4397 | D:6      | Reached XP level 8. HP: 48/48 MP: 8/8
  4398 | D:6      | Reached skill level 5 in Fighting
  4413 | D:6      | Found an iron altar of Okawaru.
  4414 | D:6      | 4414 ||| PLANNING OKAWARU WORSHIP
  4418 | D:6      | Became a worshipper of Warmaster Okawaru
  4419 | D:6      | 4419 ||| PLANNING D:1-11
  4606 | D:6      | 4606 ||| DROPPING +0 whip.
  4777 | D:6      | Found a broken altar of Ashenzari.
  4778 | D:6      | Found a basalt altar of Yredelemnul.
  4785 | D:6      | Found a bloodstained altar of Trog.
  4836 | D:6      | Reached skill level 6 in Fighting
  4928 | D:6      | 4928 ||| Stepping ~*~*~tactically~*~*~ (water).
  5095 | D:6      | 5095 ||| READING scroll labelled ONUMPI SISUUGG.
  5096 | D:6      | 5096 ||| READING 2 scrolls of identify.
  5096 | D:6      | 5096 ||| IDENTIFYING amethyst potion
  5121 | D:7      | Found a staircase to the Ecumenical Temple.
  5138 | D:7      | Found an ornate altar of the Wu Jian Council.
  5139 | D:7      | Noticed Dowan
  5140 | D:7      | 5140 ||| Stepping ~*~*~tactically~*~*~ (hiding).
  5141 | D:7      | Noticed Duvessa
  5142 | D:7      | 5142 ||| Stepping ~*~*~tactically~*~*~ (stealth).
  5148 | D:7      | Reached * piety under Okawaru
  5149 | D:7      | 5149 ||| INVOKING Heroism.
  5152 | D:7      | Killed Duvessa
  5153 | D:7      | Reached skill level 9 in Axes
  5153 | D:7      | Reached skill level 1 in Invocations
  5153 | D:7      | Reached XP level 9. HP: 53/55 MP: 6/10
  5154 | D:7      | Killed Dowan
  5257 | D:7      | Identified the +9 flail of Juf Vew {venom, rC+ Int+3 Dex-2
                  | Stlth+}
  5259 | D:7      | 5259 ||| DROPPING +2 mace.
  5280 | D:7      | 5280 ||| Stepping ~*~*~tactically~*~*~ (hiding).
  5282 | D:7      | 5282 ||| Stepping ~*~*~tactically~*~*~ (hiding).
  5283 | D:7      | 5283 ||| Stepping ~*~*~tactically~*~*~ (hiding).
  5284 | D:7      | 5284 ||| INVOKING Heroism.
  5290 | D:7      | 5290 ||| Stepping ~*~*~tactically~*~*~ (stealth).
  5301 | D:7      | Found a shimmering altar of Xom.
  5306 | D:7      | 5306 ||| INVOKING Heroism.
  5313 | D:7      | Reached skill level 3 in Invocations
  5723 | D:7      | Found Ynnulaaca's Magic Scroll Shop.
  5731 | D:7      | 5731 ||| BUYING scroll of brand weapon (104 gold).
  5731 | D:7      | Bought a scroll of brand weapon for 104 gold pieces
  5731 | D:7      | 5731 ||| BUYING scroll of brand weapon (104 gold).
  5731 | D:7      | Bought a scroll of brand weapon for 104 gold pieces
  5731 | D:7      | 5731 ||| BUYING scroll of enchant armour (82 gold).
  5731 | D:7      | Bought a scroll of enchant armour for 82 gold pieces
  5731 | D:7      | 5731 ||| BUYING scroll of identify (22 gold).
  5731 | D:7      | Bought a scroll of identify for 22 gold pieces
  5731 | D:7      | 5731 ||| BUYING scroll of identify (22 gold).
  5731 | D:7      | Bought a scroll of identify for 22 gold pieces
  5731 | D:7      | 5731 ||| BUYING scroll of identify (22 gold).
  5731 | D:7      | Bought a scroll of identify for 22 gold pieces
  5731 | D:7      | 5731 ||| BUYING scroll of identify (22 gold).
  5731 | D:7      | Bought a scroll of identify for 22 gold pieces
  5731 | D:7      | 5731 ||| BUYING scroll of teleportation (33 gold).
  5731 | D:7      | Bought a scroll of teleportation for 33 gold pieces
  5731 | D:7      | 5731 ||| READING scroll of enchant armour.
  5731 | D:7      | 5731 ||| ENCHANTING +1 pair of gloves.
  5757 | D:8      | Noticed a hornet
  5762 | D:8      | Killed a hornet
  5769 | D:8      | Found Yganonua's Antique Armour Shop.
  5777 | D:8      | 5777 ||| BUYING chain mail (117 gold).
  5777 | D:8      | Bought a chain mail for 117 gold pieces
  5777 | D:8      | 5777 ||| SHOPLISTING glowing gold dragon scales (2158 gold,
                  | have 32).
  5777 | D:8      | 5777 ||| SHOPLISTING pair of embroidered boots (195 gold,
                  | have 32).
  5777 | D:8      | 5777 ||| SHOPLISTING plate armour (598 gold, have 32).
  5777 | D:8      | 5777 ||| SHOPLISTING shiny scale mail (182 gold, have 32).
  5832 | D:8      | Found an opulent altar of Gozag.
  5868 | D:8      | Noticed a two-headed ogre
  5870 | D:8      | 5870 ||| INVOKING Heroism.
  5881 | D:8      | Killed a two-headed ogre
  5881 | D:8      | Reached ** piety under Okawaru
  5882 | D:8      | Reached skill level 7 in Fighting
  5934 | D:8      | 5934 ||| INVOKING Heroism.
  5938 | D:8      | 5938 ||| Stepping ~*~*~tactically~*~*~ (hiding).
  5940 | D:8      | 5940 ||| Stepping ~*~*~tactically~*~*~ (hiding).
  5952 | D:8      | Reached XP level 10. HP: 62/64 MP: 14/14
  5999 | D:8      | 5999 ||| Stepping ~*~*~tactically~*~*~ (stealth).
  6023 | D:8      | 6023 ||| INVOKING Heroism.
  6086 | D:8      | 6086 ||| Stepping ~*~*~tactically~*~*~ (stealth).
  6300 | D:8      | 6300 ||| Stepping ~*~*~tactically~*~*~ (stealth).
  6302 | D:8      | 6302 ||| Stepping ~*~*~tactically~*~*~ (hiding).
  6317 | D:8      | Reached skill level 8 in Fighting
  6438 | D:8      | Found a hazy altar of Hepliaklqana.
  6600 | D:8      | 6600 ||| DROPPING +2 robe of cold resistance.
  6601 | D:8      | 6601 ||| UPGRADING to +0 chain mail.
  6611 | D:8      | 6611 ||| DROPPING +0 scale mail.
  6612 | D:8      | 6612 ||| READING scroll labelled SYSKINYOHA.
  6630 | D:9      | Noticed Maggie
  6633 | Abyss:1  | Found a corrupted altar of Lugonu.
  6633 | Abyss:1  | Cast into level 1 of the Abyss (Maggie)
  6723 | Abyss:1  | 6723 ||| INVOKING Heroism.
  6725 | Abyss:1  | Reached *** piety under Okawaru
  6760 | Abyss:1  | 6760 ||| Stepping ~*~*~tactically~*~*~ (stealth).
  6761 | Abyss:1  | Noticed a wretched star
  6776 | Abyss:1  | 6776 ||| INVOKING Heroism.
  6789 | Abyss:1  | Reached skill level 3 in Throwing
  6791 | Abyss:1  | Killed a wretched star
  6791 | Abyss:1  | Reached **** piety under Okawaru
  6802 | Abyss:1  | Noticed an ancient lich
  6803 | Abyss:1  | 6803 ||| Stepping ~*~*~tactically~*~*~ (stealth).
  6844 | Abyss:1  | Noticed a worldbinder
  6845 | Abyss:1  | 6845 ||| Stepping ~*~*~tactically~*~*~ (stealth).
  6846 | Abyss:1  | 6846 ||| Stepping ~*~*~tactically~*~*~ (stealth).
  6849 | Abyss:1  | 6849 ||| Stepping ~*~*~tactically~*~*~ (stealth).
  6852 | Abyss:1  | 6852 ||| Stepping ~*~*~tactically~*~*~ (stealth).
  6854 | Abyss:1  | Noticed an orb spider
  6854 | Abyss:1  | 6854 ||| INVOKING Heroism.
  6855 | Abyss:1  | Noticed a wolf spider
  6860 | Abyss:1  | Noticed a wolf spider
  6860 | Abyss:1  | Killed a worldbinder
  6863 | D:9      | Escaped the Abyss
  6864 | D:9      | 6864 ||| Stepping ~*~*~tactically~*~*~ (hiding).
  6873 | D:9      | 6873 ||| INVOKING Heroism.
  6874 | D:9      | Killed Maggie
  6875 | D:9      | Reached skill level 6 in Invocations
  6936 | D:9      | 6936 ||| INVOKING Heroism.
  6940 | D:9      | Reached XP level 11. HP: 68/68 MP: 12/15
  6947 | D:9      | Found a staircase to the Lair.
  7140 | D:9      | Noticed an orc sorcerer
  7141 | D:9      | 7141 ||| INVOKING Heroism.
  7146 | D:9      | 7146 ||| Stepping ~*~*~tactically~*~*~ (stealth).
  7158 | D:9      | 7158 ||| INVOKING Heroism.
  7160 | D:9      | Killed an orc sorcerer
  7162 | D:9      | Reached ***** piety under Okawaru
  7265 | D:9      | 7265 ||| Stepping ~*~*~tactically~*~*~ (stealth).
  7266 | D:9      | 7266 ||| Stepping ~*~*~tactically~*~*~ (stealth).
  7268 | D:9      | 7268 ||| Stepping ~*~*~tactically~*~*~ (stealth).
  7269 | D:9      | 7269 ||| Stepping ~*~*~tactically~*~*~ (stealth).
  7274 | D:9      | 7274 ||| Stepping ~*~*~tactically~*~*~ (hiding).
  7276 | D:9      | 7276 ||| INVOKING Heroism.
  7297 | D:9      | 7297 ||| Stepping ~*~*~tactically~*~*~ (hiding).
  7309 | D:9      | 7309 ||| INVOKING Heroism.
  7310 | D:9      | 7310 ||| Stepping ~*~*~tactically~*~*~ (stealth).
  7325 | D:9      | 7325 ||| Stepping ~*~*~tactically~*~*~ (stealth).
  7327 | D:9      | 7327 ||| Stepping ~*~*~tactically~*~*~ (hiding).
  7330 | D:9      | 7330 ||| Stepping ~*~*~tactically~*~*~ (hiding).
  7337 | D:9      | 7337 ||| Stepping ~*~*~tactically~*~*~ (stealth).
  7339 | D:9      | Identified the +1 ring mail of Vutegisk {Harm}
  7343 | D:9      | Reached skill level 6 in Armour
  7344 | D:9      | 7344 ||| INVOKING Heroism.
  7359 | D:9      | 7359 ||| Stepping ~*~*~tactically~*~*~ (hiding).
  7368 | D:9      | Found a staircase to the Orcish Mines.
  7490 | D:9      | 7490 ||| INVOKING Heroism.
  7497 | D:9      | Received a gift from Okawaru
  7551 | D:9      | Found a radiant altar of Vehumet.
  7564 | D:9      | 7564 ||| INVOKING Heroism.
  7597 | D:9      | Found an iron altar of Okawaru.
  7660 | D:9      | Found a sacrificial altar of Ru.
  7665 | D:9      | 7665 ||| INVOKING Heroism.
  7692 | D:9      | 7692 ||| Stepping ~*~*~tactically~*~*~ (stealth).
  7836 | D:9      | Reached skill level 9 in Invocations
  7853 | D:9      | Identified the ring "Xischowno" {Fly rCorr Int+2 Slay+5}
  7862 | D:9      | 7862 ||| PLANNING LAIR
  7862 | D:9      | 7862 ||| UPGRADING to +0 plate armour.
  7872 | D:9      | 7872 ||| DROPPING +0 chain mail.
  7873 | D:9      | 7873 ||| DROPPING ring of magical power.
  7874 | D:9      | 7874 ||| UPGRADING to +4 ring of evasion.
  7876 | D:9      | 7876 ||| UPGRADING to ring "Xischowno" {Fly rCorr Int+2
                  | Slay+5}.
  7878 | D:9      | 7878 ||| READING scroll labelled SYKHIT ROAGYFE.
  7879 | D:9      | 7879 ||| READING scroll labelled SEALUMINAF.
  7880 | D:9      | 7880 ||| READING 8 scrolls of identify.
  7880 | D:9      | 7880 ||| IDENTIFYING fuming red potion
  7881 | D:9      | 7881 ||| READING 7 scrolls of identify.
  7881 | D:9      | 7881 ||| IDENTIFYING metallic green potion
  7882 | D:9      | 7882 ||| DROPPING potion of invisibility.
  7932 | Lair:1   | Entered Level 1 of the Lair of Beasts
  7934 | Lair:1   | 7934 ||| INVOKING Heroism.
  8021 | Lair:1   | 8021 ||| Stepping ~*~*~tactically~*~*~ (stealth).
  8029 | Lair:1   | 8029 ||| INVOKING Heroism.
  8048 | Lair:1   | Received a gift from Okawaru
  8049 | Lair:1   | Reached skill level 9 in Fighting
  8067 | Lair:1   | Reached XP level 12. HP: 68/76 MP: 19/19
  8077 | Lair:1   | 8077 ||| DROPPING +0 broad axe of freezing.
  8455 | Lair:1   | 8455 ||| INVOKING Heroism.
  8914 | Lair:1   | 8914 ||| READING 7 scrolls of identify.
  8914 | Lair:1   | 8914 ||| IDENTIFYING orange potion
  8915 | Lair:1   | 8915 ||| DROPPING potion of brilliance.
  9109 | Lair:2   | Noticed Harold
  9110 | Lair:2   | 9110 ||| INVOKING Heroism.
  9127 | Lair:2   | Killed Harold
  9231 | Lair:2   | 9231 ||| INVOKING Heroism.
  9287 | Lair:2   | Reached skill level 12 in Axes
  9313 | Lair:2   | Identified the +0 chain mail of Cesm {Str+5} (Okawaru
                  | gifted it to you on level 2 of the Lair of Beasts)
  9313 | Lair:2   | Received a gift from Okawaru
  9332 | Lair:2   | Found a staircase to the Shoals.
  9333 | Lair:2   | 9333 ||| Stepping ~*~*~tactically~*~*~ (hiding).
  9334 | Lair:2   | 9334 ||| Stepping ~*~*~tactically~*~*~ (hiding).
  9335 | Lair:2   | 9335 ||| Stepping ~*~*~tactically~*~*~ (hiding).
  9457 | Lair:2   | 9457 ||| INVOKING Heroism.
  9459 | Lair:2   | Reached skill level 6 in Shields
  9522 | Lair:2   | 9522 ||| INVOKING Heroism.
  9643 | Lair:2   | Noticed Amaemon
  9644 | Lair:2   | 9644 ||| Stepping ~*~*~tactically~*~*~ (hiding).
  9645 | Lair:2   | 9645 ||| INVOKING Heroism.
  9649 | Lair:2   | Killed Amaemon
  9650 | Lair:2   | Reached skill level 10 in Fighting
  9661 | Lair:2   | 9661 ||| DROPPING +9 flail of Juf Vew {venom, rC+ Int+3
                  | Dex-2 Stlth+}.
  9680 | Lair:2   | 9680 ||| Stepping ~*~*~tactically~*~*~ (hiding).
 10041 | Lair:2   | 10041 ||| DROPPING +0 chain mail of Cesm {Str+5}.
 10042 | Lair:2   | 10042 ||| READING scroll labelled VOUCEL OPUETIM.
 10043 | Lair:2   | 10043 ||| READING 7 scrolls of identify.
 10043 | Lair:2   | 10043 ||| IDENTIFYING glowing dark potion
 10109 | Lair:3   | 10109 ||| Stepping ~*~*~tactically~*~*~ (stealth).
 10112 | Lair:3   | 10112 ||| Stepping ~*~*~tactically~*~*~ (stealth).
 10113 | Lair:3   | 10113 ||| INVOKING Heroism.
 10218 | Lair:3   | Noticed Nessos
 10219 | Lair:3   | 10219 ||| Stepping ~*~*~tactically~*~*~ (hiding).
 10220 | Lair:3   | 10220 ||| INVOKING Finesse.
 10227 | Lair:3   | 10227 ||| INVOKING Heroism.
 10227 | Lair:3   | HP: 18/77 [black mamba (8)]
 10228 | Lair:3   | 10228 ||| READING 3 scrolls of teleportation.
 10229 | Lair:3   | 10229 ||| DRINKING 2 potions of heal wounds.
 10260 | Lair:3   | HP: 13/77 [Nessos/arrow (8)]
 10261 | Lair:3   | Reached XP level 13. HP: 13/82 MP: 17/20
 10261 | Lair:3   | 10261 ||| READING 2 scrolls of teleportation.
 10262 | Lair:3   | 10262 ||| DRINKING potion of heal wounds.
 10270 | Lair:3   | 10270 ||| INVOKING Finesse.
 10279 | Lair:3   | Reached skill level 9 in Armour
 10289 | Lair:3   | Received a gift from Okawaru
 10438 | Lair:3   | Found a staircase to the Snake Pit.
 10439 | Lair:3   | 10439 ||| Stepping ~*~*~tactically~*~*~ (hiding).
 10490 | Lair:3   | Received a gift from Okawaru
 10568 | Lair:3   | 10568 ||| INVOKING Heroism.
 10569 | Lair:3   | 10569 ||| INVOKING Finesse.
 10571 | Lair:3   | 10571 ||| SWAPPING to -1 demon whip of venom.
 10575 | Lair:3   | 10575 ||| SWAPPING to +5 war axe of Chance {protect, Str+5
                  | Int+3}.
 10636 | Lair:3   | 10636 ||| INVOKING Finesse.
 10657 | Lair:3   | 10657 ||| INVOKING Heroism.
 10661 | Lair:3   | Killed Nessos
 10728 | Lair:3   | 10728 ||| Stepping ~*~*~tactically~*~*~ (hiding).
 10729 | Lair:3   | 10729 ||| Stepping ~*~*~tactically~*~*~ (hiding).
 11228 | Lair:4   | 11228 ||| Stepping ~*~*~tactically~*~*~ (stealth).
 11231 | Lair:4   | 11231 ||| Stepping ~*~*~tactically~*~*~ (stealth).
 11233 | Lair:4   | 11233 ||| Stepping ~*~*~tactically~*~*~ (stealth).
 11234 | Lair:4   | 11234 ||| Stepping ~*~*~tactically~*~*~ (stealth).
 11236 | Lair:4   | 11236 ||| Stepping ~*~*~tactically~*~*~ (stealth).
 11417 | Lair:4   | 11417 ||| INVOKING Heroism.
 11450 | Lair:4   | 11450 ||| Stepping ~*~*~tactically~*~*~ (stealth).
 11452 | Lair:4   | 11452 ||| Stepping ~*~*~tactically~*~*~ (stealth).
 11453 | Lair:4   | 11453 ||| Stepping ~*~*~tactically~*~*~ (stealth).
 11454 | Lair:4   | 11454 ||| Stepping ~*~*~tactically~*~*~ (stealth).
 11455 | Lair:4   | 11455 ||| Stepping ~*~*~tactically~*~*~ (stealth).
 11598 | Lair:4   | 11598 ||| Stepping ~*~*~tactically~*~*~ (stealth).
 11603 | Lair:4   | Reached skill level 11 in Fighting
 11627 | Lair:4   | 11627 ||| Stepping ~*~*~tactically~*~*~ (stealth).
 11628 | Lair:4   | 11628 ||| Stepping ~*~*~tactically~*~*~ (stealth).
 11630 | Lair:4   | 11630 ||| INVOKING Heroism.
 11635 | Lair:4   | 11635 ||| INVOKING Finesse.
 11636 | Lair:4   | 11636 ||| SWAPPING to -1 demon whip of venom.
 11637 | Lair:4   | 11637 ||| Stepping ~*~*~tactically~*~*~ (outnumbered).
 11645 | Lair:4   | Received a gift from Okawaru
 11661 | Lair:4   | 11661 ||| SWAPPING to +5 war axe of Chance {protect, Str+5
                  | Int+3}.
 11712 | Lair:4   | 11712 ||| INVOKING Heroism.
 12041 | Lair:5   | Entered Level 5 of the Lair of Beasts
 12042 | Lair:5   | 12042 ||| INVOKING Heroism.
 12046 | Lair:5   | 12046 ||| STAIRDANCE
 12057 | Lair:5   | 12057 ||| STAIRDANCE
 12106 | Lair:5   | 12106 ||| STAIRDANCE
 12108 | Lair:4   | 12108 ||| INVOKING Heroism.
 12148 | Lair:5   | 12148 ||| STAIRDANCE
 12150 | Lair:4   | 12150 ||| INVOKING Heroism.
 12173 | Lair:5   | 12173 ||| STAIRDANCE
 12201 | Lair:5   | 12201 ||| READING scroll of acquirement.
 12201 | Lair:5   | 12201 ||| ACQUIRING +2 pair of gloves of Ofaiz {Fly rF+
                  | Regen+}
 12201 | Lair:5   | Acquired the +2 pair of gloves of Ofaiz {Fly rF+ Regen+}
 12203 | Lair:5   | 12203 ||| UPGRADING to +2 pair of gloves of Ofaiz {Fly rF+
                  | Regen+}.
 12213 | Lair:5   | 12213 ||| DROPPING +2 pair of gloves.
 12248 | Lair:5   | 12248 ||| INVOKING Heroism.
 12265 | Lair:5   | Gained mutation: Your large and strong wings let you fly.
                  | [Gargoyle growth]
 12265 | Lair:5   | Reached XP level 14. HP: 84/90 MP: 21/21
 12270 | Lair:5   | 12270 ||| Stepping ~*~*~tactically~*~*~ (stealth).
 12275 | Lair:5   | Received a gift from Okawaru
 12278 | Lair:5   | Reached skill level 15 in Axes
 12280 | Lair:5   | 12280 ||| INVOKING Finesse.
 12320 | Lair:5   | 12320 ||| DROPPING -1 demon whip of venom.
 12358 | Lair:5   | 12358 ||| Stepping ~*~*~tactically~*~*~ (stealth).
 12367 | Lair:5   | 12367 ||| UPGRADING to +2 buckler of fire resistance.
 12377 | Lair:5   | 12377 ||| DROPPING +0 buckler.
 12418 | Lair:5   | Found a staircase to the Slime Pits.
 12419 | Lair:5   | 12419 ||| Stepping ~*~*~tactically~*~*~ (stealth).
 12421 | Lair:5   | 12421 ||| Stepping ~*~*~tactically~*~*~ (hiding).
 12422 | Lair:5   | 12422 ||| Stepping ~*~*~tactically~*~*~ (hiding).
 12456 | Lair:5   | 12456 ||| UPGRADING to +0 pair of boots.
 12464 | Lair:5   | 12464 ||| Stepping ~*~*~tactically~*~*~ (stealth).
 12481 | Lair:5   | 12481 ||| Stepping ~*~*~tactically~*~*~ (stealth).
 12604 | Lair:5   | 12604 ||| INVOKING Heroism.
 12605 | Lair:5   | 12605 ||| Stepping ~*~*~tactically~*~*~ (stealth).
 12606 | Lair:5   | 12606 ||| INVOKING Finesse.
 12607 | Lair:5   | 12607 ||| Stepping ~*~*~tactically~*~*~ (stealth).
 12612 | Lair:5   | 12612 ||| Stepping ~*~*~tactically~*~*~ (stealth).
 12613 | Lair:5   | 12613 ||| Stepping ~*~*~tactically~*~*~ (stealth).
 12652 | Lair:5   | 12652 ||| INVOKING Heroism.
 12653 | Lair:5   | 12653 ||| INVOKING Finesse.
 12698 | Lair:5   | 12698 ||| INVOKING Finesse.
 12746 | Lair:5   | 12746 ||| INVOKING Heroism.
 12785 | Lair:5   | 12785 ||| INVOKING Heroism.
 12786 | Lair:5   | 12786 ||| INVOKING Finesse.
 13087 | Lair:5   | 13087 ||| INVOKING Heroism.
 13088 | Lair:5   | 13088 ||| INVOKING Finesse.
 13143 | Lair:5   | Identified the +3 triple crossbow of the Charmed God {elec,
                  | rN+ Int+2}
 13147 | Lair:5   | 13147 ||| UPGRADING to +1 buckler of cold resistance.
 13157 | Lair:5   | 13157 ||| READING scroll of enchant armour.
 13157 | Lair:5   | 13157 ||| ENCHANTING +0 pair of boots.
 13161 | Lair:5   | 13161 ||| UPGRADING to +2 plate armour of positive energy.
 13171 | Lair:5   | 13171 ||| DROPPING +0 plate armour.
 13181 | Lair:5   | 13181 ||| INVOKING Heroism.
 13182 | Lair:5   | 13182 ||| INVOKING Finesse.
 13207 | Lair:5   | 13207 ||| Stepping ~*~*~tactically~*~*~ (stealth).
 13250 | Lair:5   | 13250 ||| INVOKING Heroism.
 13293 | Lair:5   | 13293 ||| Stepping ~*~*~tactically~*~*~ (stealth).
 13357 | Lair:5   | 13357 ||| INVOKING Heroism.
 13360 | Lair:5   | Reached skill level 12 in Fighting
 13390 | Lair:5   | 13390 ||| INVOKING Finesse.
 13455 | Lair:5   | 13455 ||| INVOKING Heroism.
 13485 | Lair:5   | Found a runed translucent gate.
 13485 | Lair:5   | Found a runed translucent gate.
 13485 | Lair:5   | Found a runed translucent gate.
 13490 | Lair:5   | Noticed qw's ghost (journeyman GrFi)
 13490 | Lair:5   | Noticed qw's ghost (journeyman GrFi)
 13491 | Lair:5   | Noticed qw's ghost (journeyman GrFi)
 13491 | Lair:5   | Noticed qw's ghost (journeyman GrFi)
 13631 | Lair:5   | 13631 ||| INVOKING Heroism.
 13819 | Lair:5   | 13819 ||| PLANNING D:1-11
 13914 | D:10     | Entered Level 10 of the Dungeon
 13917 | D:10     | 13917 ||| STAIRDANCE
 14035 | D:10     | 14035 ||| Stepping ~*~*~tactically~*~*~ (stealth).
 14036 | D:10     | 14036 ||| Stepping ~*~*~tactically~*~*~ (stealth).
 14044 | D:10     | 14044 ||| Stepping ~*~*~tactically~*~*~ (stealth).
 14077 | D:10     | 14077 ||| Stepping ~*~*~tactically~*~*~ (stealth).
 14078 | D:10     | Found a shadowy altar of Dithmenos.
 14101 | D:10     | 14101 ||| Stepping ~*~*~tactically~*~*~ (stealth).
 14102 | D:10     | 14102 ||| Stepping ~*~*~tactically~*~*~ (stealth).
 14109 | D:10     | 14109 ||| INVOKING Heroism.
 14115 | D:10     | 14115 ||| Stepping ~*~*~tactically~*~*~ (hiding).
 14226 | D:10     | 14226 ||| INVOKING Heroism.
 14305 | D:10     | 14305 ||| READING 3 scrolls of enchant armour.
 14305 | D:10     | 14305 ||| ENCHANTING +1 pair of boots.
 14306 | D:10     | 14306 ||| READING 2 scrolls of enchant armour.
 14306 | D:10     | 14306 ||| ENCHANTING +0 cloak.
 14307 | D:10     | 14307 ||| READING scroll of enchant armour.
 14307 | D:10     | 14307 ||| ENCHANTING +1 cloak.
 14795 | D:11     | Found a runed translucent gate.
 14795 | D:11     | Noticed qw's ghost (journeyman GrFi)
 14796 | D:11     | Found a runed translucent gate.
 14798 | D:11     | Found a runed translucent gate.
 14798 | D:11     | Identified the +1 plate armour "Lauhoud" {rElec rCorr Str-4
                  | Stlth-}
 15330 | D:11     | 15330 ||| Stepping ~*~*~tactically~*~*~ (hiding).
 15334 | D:11     | 15334 ||| INVOKING Heroism.
 15335 | D:11     | 15335 ||| INVOKING Finesse.
 15340 | D:11     | 15340 ||| Stepping ~*~*~tactically~*~*~ (hiding).
 15352 | D:11     | Received a gift from Okawaru
 15358 | D:11     | 15358 ||| INVOKING Finesse.
 15506 | D:11     | 15506 ||| INVOKING Heroism.
 15553 | D:11     | Reached skill level 3 in Dodging
 15773 | D:11     | 15773 ||| INVOKING Heroism.
 16001 | D:11     | 16001 ||| PLANNING D
 16001 | D:11     | 16001 ||| DROPPING +4 ring of slaying {mikee}.
 16002 | D:11     | 16002 ||| READING 9 scrolls of identify.
 16002 | D:11     | 16002 ||| IDENTIFYING sapphire potion
 16166 | D:12     | 16166 ||| Stepping ~*~*~tactically~*~*~ (hiding).
 16174 | D:12     | 16174 ||| INVOKING Heroism.
 16179 | D:12     | Received a gift from Okawaru
 16194 | D:12     | Reached XP level 15. HP: 96/96 MP: 22/22
 16218 | D:12     | 16218 ||| Stepping ~*~*~tactically~*~*~ (stealth).
 16219 | D:12     | 16219 ||| Stepping ~*~*~tactically~*~*~ (stealth).
 16224 | D:12     | 16224 ||| READING 4 scrolls of teleportation.
 16225 | D:12     | 16225 ||| INVOKING Heroism.
 16261 | D:12     | 16261 ||| FLEEEEING.
 16262 | D:12     | 16262 ||| FLEEEEING.
 16263 | D:12     | 16263 ||| FLEEEEING.
 16264 | D:12     | 16264 ||| FLEEEEING.
 16265 | D:12     | 16265 ||| FLEEEEING.
 16267 | D:12     | 16267 ||| INVOKING Heroism.
 16289 | D:12     | Identified the +0 robe of Absolutism {+Blink rN+ Slay+3}
                  | (Okawaru gifted it to you on level 12 of the Dungeon)
 16289 | D:12     | Received a gift from Okawaru
 16451 | D:12     | 16451 ||| Stepping ~*~*~tactically~*~*~ (stealth).
 16453 | D:12     | 16453 ||| Stepping ~*~*~tactically~*~*~ (stealth).
 16455 | D:12     | 16455 ||| Stepping ~*~*~tactically~*~*~ (stealth).
 16461 | D:12     | 16461 ||| INVOKING Heroism.
 16463 | D:12     | 16463 ||| READING 3 scrolls of teleportation.
 16508 | D:12     | 16508 ||| INVOKING Heroism.
 16620 | D:12     | 16620 ||| Stepping ~*~*~tactically~*~*~ (stealth).
 16698 | D:12     | 16698 ||| Stepping ~*~*~tactically~*~*~ (hiding).
 16702 | D:12     | 16702 ||| INVOKING Heroism.
 16715 | D:12     | Reached skill level 13 in Fighting
 16892 | D:12     | 16892 ||| INVOKING Heroism.
 17220 | D:13     | Reached skill level 12 in Armour
 17372 | D:13     | 17372 ||| INVOKING Heroism.
 17373 | D:13     | Noticed Josephine
 17387 | D:13     | Killed Josephine
 17815 | D:13     | Found a portal to a secret trove of treasure.
 17883 | D:13     | 17883 ||| INVOKING Heroism.
 17896 | D:13     | Reached skill level 6 in Throwing
 17934 | D:13     | 17934 ||| DROPPING amulet of guardian spirit.
 17935 | D:13     | 17935 ||| DROPPING ring of willpower.
 17986 | D:14     | 17986 ||| Stepping ~*~*~tactically~*~*~ (stealth).
 18031 | D:14     | 18031 ||| Stepping ~*~*~tactically~*~*~ (hiding).
 18108 | D:14     | 18108 ||| Stepping ~*~*~tactically~*~*~ (hiding).
 18120 | D:14     | 18120 ||| INVOKING Heroism.
 18122 | D:14     | Reached skill level 9 in Shields
 18161 | D:14     | Noticed Rupert
 18162 | D:14     | 18162 ||| INVOKING Finesse.
 18164 | D:14     | Noticed Urug
 18168 | D:14     | Found a gate to the Vaults.
 18179 | D:14     | Killed Rupert
 18186 | D:14     | 18186 ||| INVOKING Heroism.
 18190 | D:14     | Killed Urug
 18349 | D:14     | Identified the +1 chain mail of Okawaru's Grace {Harm rC-
                  | Int+8} (Okawaru gifted it to you on level 14 of the
                  | Dungeon)
 18349 | D:14     | Received a gift from Okawaru
 18350 | D:14     | Reached skill level 14 in Fighting
 18475 | D:14     | 18475 ||| DROPPING +1 chain mail of Okawaru's Grace {Harm
                  | rC- Int+8}.
 18492 | D:15     | Entered Level 15 of the Dungeon
 18517 | D:15     | 18517 ||| Stepping ~*~*~tactically~*~*~ (stealth).
 18525 | D:15     | 18525 ||| FLEEEEING.
 18526 | D:15     | 18526 ||| FLEEEEING.
 18527 | D:15     | 18527 ||| FLEEEEING.
 18528 | D:15     | 18528 ||| FLEEEEING.
 18529 | D:15     | 18529 ||| FLEEEEING.
 18536 | D:15     | 18536 ||| Stepping ~*~*~tactically~*~*~ (stealth).
 18542 | D:15     | 18542 ||| INVOKING Heroism.
 18708 | D:15     | 18708 ||| INVOKING Heroism.
 18717 | D:15     | 18717 ||| Stepping ~*~*~tactically~*~*~ (stealth).
 18720 | D:15     | 18720 ||| INVOKING Finesse.
 18734 | D:15     | 18734 ||| SWAPPING to +4 war axe of flaming.
 18743 | D:15     | 18743 ||| SWAPPING to +5 war axe of Chance {protect, Str+5
                  | Int+3}.
 18779 | D:15     | 18779 ||| INVOKING Heroism.
 18780 | D:15     | 18780 ||| INVOKING Finesse.
 18783 | D:15     | 18783 ||| SWAPPING to +4 war axe of flaming.
 18788 | D:15     | 18788 ||| SWAPPING to +5 war axe of Chance {protect, Str+5
                  | Int+3}.
 18905 | D:15     | 18905 ||| INVOKING Heroism.
 18906 | D:15     | Noticed Azrael
 18907 | D:15     | 18907 ||| INVOKING Finesse.
 18912 | D:15     | 18912 ||| Stepping ~*~*~tactically~*~*~ (hiding).
 18920 | D:15     | Killed Azrael
 18981 | D:15     | 18981 ||| INVOKING Heroism.
 18994 | D:15     | Reached XP level 16. HP: 107/107 MP: 21/23
 19011 | D:15     | Found a staircase to the Depths.
 19014 | D:15     | 19014 ||| INVOKING Heroism.
 19023 | D:15     | Reached skill level 15 in Fighting
 19249 | D:15     | 19249 ||| Stepping ~*~*~tactically~*~*~ (hiding).
 19250 | D:15     | 19250 ||| Stepping ~*~*~tactically~*~*~ (hiding).
 19398 | D:15     | 19398 ||| PLANNING ORC
 19398 | D:15     | 19398 ||| DROPPING scarf of invisibility.
 19575 | Orc:1    | Entered Level 1 of the Orcish Mines
 19576 | Orc:1    | 19576 ||| INVOKING Heroism.
 19605 | Orc:1    | 19605 ||| Stepping ~*~*~tactically~*~*~ (stealth).
 19607 | Orc:1    | 19607 ||| Stepping ~*~*~tactically~*~*~ (stealth).
 19610 | Orc:1    | 19610 ||| INVOKING Finesse.
 19612 | Orc:1    | 19612 ||| INVOKING Heroism.
 19652 | Orc:1    | Received a gift from Okawaru
 19691 | Orc:1    | Found Pynouta's Distillery.
 19695 | Orc:1    | 19695 ||| BUYING potion of attraction (42 gold).
 19695 | Orc:1    | Bought a potion of attraction for 42 gold pieces
 19695 | Orc:1    | 19695 ||| BUYING potion of heal wounds (70 gold).
 19695 | Orc:1    | Bought a potion of heal wounds for 70 gold pieces
 19714 | Orc:1    | 19714 ||| INVOKING Heroism.
 19737 | Orc:1    | Found a bloodstained altar of Trog.
 19899 | Orc:1    | 19899 ||| Stepping ~*~*~tactically~*~*~ (stealth).
 19901 | Orc:1    | 19901 ||| Stepping ~*~*~tactically~*~*~ (hiding).
 19904 | Orc:1    | 19904 ||| Stepping ~*~*~tactically~*~*~ (hiding).
 19905 | Orc:1    | 19905 ||| Stepping ~*~*~tactically~*~*~ (hiding).
 19906 | Orc:1    | 19906 ||| Stepping ~*~*~tactically~*~*~ (hiding).
 19924 | Orc:1    | 19924 ||| Stepping ~*~*~tactically~*~*~ (hiding).
 19939 | Orc:1    | 19939 ||| Stepping ~*~*~tactically~*~*~ (hiding).
 20049 | Orc:2    | Entered Level 2 of the Orcish Mines
 20052 | Orc:2    | 20052 ||| Stepping ~*~*~tactically~*~*~ (hiding).
 20056 | Orc:2    | 20056 ||| Stepping ~*~*~tactically~*~*~ (hiding).
 20057 | Orc:2    | 20057 ||| Stepping ~*~*~tactically~*~*~ (hiding).
 20184 | Orc:2    | 20184 ||| INVOKING Heroism.
 20284 | Orc:2    | 20284 ||| INVOKING Heroism.
 20437 | Orc:2    | 20437 ||| INVOKING Heroism.
 20490 | Orc:2    | 20490 ||| INVOKING Heroism.
 20538 | Orc:2    | Found a staircase to the Elven Halls.
 20610 | Orc:2    | 20610 ||| Stepping ~*~*~tactically~*~*~ (hiding).
 20635 | Orc:2    | 20635 ||| INVOKING Heroism.
 20656 | Orc:2    | Found Fogoilev's Magic Scroll Emporium.
 20665 | Orc:2    | 20665 ||| BUYING scroll of acquirement (832 gold).
 20665 | Orc:2    | Bought a scroll of acquirement for 832 gold pieces
 20665 | Orc:2    | 20665 ||| BUYING scroll of brand weapon (152 gold).
 20665 | Orc:2    | Bought a scroll of brand weapon for 152 gold pieces
 20665 | Orc:2    | 20665 ||| BUYING scroll of enchant armour (120 gold).
 20665 | Orc:2    | Bought a scroll of enchant armour for 120 gold pieces
 20665 | Orc:2    | 20665 ||| READING scroll of acquirement.
 20665 | Orc:2    | 20665 ||| ACQUIRING 786 gold pieces
 20665 | Orc:2    | Acquired 786 gold pieces
 20667 | Orc:2    | 20667 ||| READING scroll of enchant armour.
 20667 | Orc:2    | 20667 ||| ENCHANTING +2 plate armour of positive energy.
 20686 | Orc:2    | Found an ancient bone altar of Kikubaaqudgha.
 20687 | Orc:2    | 20687 ||| Stepping ~*~*~tactically~*~*~ (hiding).
 20689 | Orc:2    | 20689 ||| INVOKING Heroism.
 20691 | Orc:2    | 20691 ||| Stepping ~*~*~tactically~*~*~ (hiding).
 20698 | Orc:2    | 20698 ||| Stepping ~*~*~tactically~*~*~ (hiding).
 20709 | Orc:2    | 20709 ||| Stepping ~*~*~tactically~*~*~ (stealth).
 20724 | Orc:2    | Found Ciegos's Jewellery Emporium.
 20737 | Orc:2    | 20737 ||| INVOKING Heroism.
 20767 | Orc:2    | 20767 ||| BUYING amulet of Red Wine {Spirit rC+} (748
                  | gold).
 20767 | Orc:2    | Bought the amulet of Red Wine {Spirit rC+} for 748 gold
                  | pieces
 20767 | Orc:2    | 20767 ||| BUYING amulet of reflection (510 gold).
 20767 | Orc:2    | Bought an amulet of reflection for 510 gold pieces
 20767 | Orc:2    | 20767 ||| SHOPLISTING ring "Qisch" {rF+ Str+4} (686 gold,
                  | have 403).
 20767 | Orc:2    | 20767 ||| SHOPLISTING ring of Foylaale {rF+ EV+4 SInv} (921
                  | gold, have 403).
 20767 | Orc:2    | 20767 ||| SHOPLISTING ring of protection from cold (425
                  | gold, have 403).
 20769 | Orc:2    | Found a radiant altar of Vehumet.
 20790 | Orc:2    | 20790 ||| INVOKING Heroism.
 20937 | Orc:2    | Found a shimmering blue altar of Sif Muna.
 20938 | Orc:2    | 20938 ||| INVOKING Heroism.
 21060 | Orc:2    | Noticed Maurice
 21061 | Orc:2    | 21061 ||| INVOKING Heroism.
 21061 | Orc:2    | Paralysed by an orc sorcerer for 2 turns
 21068 | Orc:2    | Killed Maurice
 21097 | Orc:2    | Found Mailett's Antique Weapon Emporium.
 21109 | Orc:2    | Found Ojabyl's Jewellery Shoppe.
 21117 | Orc:2    | 21117 ||| SHOPLISTING amulet of Pucrin {Reflect Contam
                  | rElec rC+ Dex+5 SH+5} (894 gold, have 424).
 21124 | Orc:2    | 21124 ||| PLANNING SHOALS:1-3
 21124 | Orc:2    | 21124 ||| UPGRADING to amulet of reflection.
 21134 | Orc:2    | 21134 ||| DROPPING amulet of regeneration.
 21339 | Shoals:1 | Entered Level 1 of the Shoals
 21387 | Shoals:1 | 21387 ||| INVOKING Heroism.
 21490 | Shoals:1 | 21490 ||| INVOKING Heroism.
 21569 | Shoals:1 | Received a gift from Okawaru
 21574 | Shoals:1 | 21574 ||| Stepping ~*~*~tactically~*~*~ (hiding).
 21576 | Shoals:1 | Noticed Jorgrun
 21577 | Shoals:1 | 21577 ||| INVOKING Heroism.
 21589 | Shoals:1 | Killed Jorgrun
 21590 | Shoals:1 | Reached skill level 16 in Fighting
 21624 | Shoals:1 | Noticed Frances
 21625 | Shoals:1 | 21625 ||| Stepping ~*~*~tactically~*~*~ (hiding).
 21628 | Shoals:1 | 21628 ||| Stepping ~*~*~tactically~*~*~ (hiding).
 21637 | Shoals:1 | 21637 ||| INVOKING Heroism.
 21641 | Shoals:1 | Killed Frances
 21646 | Shoals:1 | Received a gift from Okawaru
 21674 | Shoals:1 | Noticed Mlioglotl
 21682 | Shoals:1 | Noticed a tentacled starspawn
 21683 | Shoals:1 | Killed Mlioglotl
 21690 | Shoals:1 | 21690 ||| Stepping ~*~*~tactically~*~*~ (hiding).
 21691 | Shoals:1 | 21691 ||| Stepping ~*~*~tactically~*~*~ (hiding).
 21692 | Shoals:1 | 21692 ||| Stepping ~*~*~tactically~*~*~ (hiding).
 21693 | Shoals:1 | 21693 ||| Stepping ~*~*~tactically~*~*~ (hiding).
 21880 | Shoals:1 | 21880 ||| Stepping ~*~*~tactically~*~*~ (hiding).
 22320 | Shoals:2 | 22320 ||| INVOKING Heroism.
 22358 | Shoals:2 | 22358 ||| Stepping ~*~*~tactically~*~*~ (stealth).
 22360 | Shoals:2 | 22360 ||| Stepping ~*~*~tactically~*~*~ (hiding).
 22391 | Shoals:2 | 22391 ||| INVOKING Heroism.
 22397 | Shoals:2 | Reached skill level 15 in Armour
 22491 | Shoals:2 | 22491 ||| INVOKING Heroism.
 22641 | Shoals:2 | Reached XP level 17. HP: 112/116 MP: 24/24
 22698 | Shoals:2 | 22698 ||| INVOKING Heroism.
 22718 | Shoals:2 | Received a gift from Okawaru
 22718 | Shoals:2 | Found the +3 warlock's mirror {reflect}
 22772 | Shoals:2 | Noticed Polyphemus
 22773 | Shoals:2 | 22773 ||| INVOKING Heroism.
 22774 | Shoals:2 | 22774 ||| INVOKING Finesse.
 22775 | Shoals:2 | 22775 ||| INVOKING Finesse.
 22786 | Shoals:2 | Reached skill level 17 in Fighting
 22794 | Shoals:2 | Killed Polyphemus
 22959 | Shoals:2 | 22959 ||| INVOKING Heroism.
 23095 | Shoals:3 | 23095 ||| INVOKING Heroism.
 23203 | Shoals:3 | 23203 ||| INVOKING Heroism.
 23204 | Shoals:3 | 23204 ||| INVOKING Finesse.
 23320 | Shoals:3 | 23320 ||| INVOKING Heroism.
 23401 | Shoals:3 | 23401 ||| INVOKING Heroism.
 23454 | Shoals:3 | 23454 ||| INVOKING Heroism.
 23455 | Shoals:3 | 23455 ||| INVOKING Finesse.
 23523 | Shoals:3 | 23523 ||| INVOKING Heroism.
 23584 | Shoals:3 | Identified Roxanne's Verses on Clay
 23584 | Shoals:3 | Noticed Roxanne
 23585 | Shoals:3 | 23585 ||| INVOKING Finesse.
 23590 | Shoals:3 | 23590 ||| INVOKING Heroism.
 23613 | Shoals:3 | Killed Roxanne
 24164 | Shoals:3 | 24164 ||| PLANNING SNAKE:1-3
 24164 | Shoals:3 | 24164 ||| READING 18 scrolls of identify.
 24164 | Shoals:3 | 24164 ||| IDENTIFYING yellow potion
 24211 | Shoals:1 | 24211 ||| Stepping ~*~*~tactically~*~*~ (hiding).
 24382 | Snake:1  | Entered Level 1 of the Snake Pit
 24415 | Snake:1  | Found Evaduo's Jewellery Shoppe.
 24415 | Snake:1  | Found Lyotethu's Armour Emporium.
 24417 | Snake:1  | Found Suddamol's Book Shoppe.
 24419 | Snake:1  | Found Vamotab's Antique Armour Emporium.
 24425 | Snake:1  | 24425 ||| SHOPLISTING ring "Unicwylajuj" {rF+ rC+++ Will-
                  | MP+9 Slay+4} (1654 gold, have 587).
 24425 | Snake:1  | 24425 ||| BUYING ring "Xeutaileilost" {Fire Will+ SInv}
                  | (543 gold).
 24425 | Snake:1  | Bought the ring "Xeutaileilost" {Fire Will+ SInv} for 543
                  | gold pieces
 24435 | Snake:1  | 24435 ||| Stepping ~*~*~tactically~*~*~ (hiding).
 24441 | Snake:1  | 24441 ||| Stepping ~*~*~tactically~*~*~ (hiding).
 24449 | Snake:1  | 24449 ||| INVOKING Heroism.
 24468 | Snake:1  | Received a gift from Okawaru
 24526 | Snake:1  | 24526 ||| Stepping ~*~*~tactically~*~*~ (stealth).
 24529 | Snake:1  | 24529 ||| Stepping ~*~*~tactically~*~*~ (hiding).
 24532 | Snake:1  | 24532 ||| Stepping ~*~*~tactically~*~*~ (stealth).
 24533 | Snake:1  | 24533 ||| INVOKING Heroism.
 24630 | Snake:1  | 24630 ||| Stepping ~*~*~tactically~*~*~ (hiding).
 24684 | Snake:1  | 24684 ||| Stepping ~*~*~tactically~*~*~ (hiding).
 24686 | Snake:1  | 24686 ||| Stepping ~*~*~tactically~*~*~ (hiding).
 24697 | Snake:1  | Reached skill level 18 in Fighting
 24827 | Snake:1  | 24827 ||| Stepping ~*~*~tactically~*~*~ (hiding).
 24839 | Snake:1  | Received a gift from Okawaru
 24935 | Snake:1  | 24935 ||| INVOKING Heroism.
 24948 | Snake:1  | 24948 ||| Stepping ~*~*~tactically~*~*~ (hiding).
 24957 | Snake:1  | Received a gift from Okawaru
 25099 | Snake:1  | 25099 ||| DROPPING +2 hat.
 25100 | Snake:1  | 25100 ||| READING scroll labelled ITHEUL FEDUHEKIKK.
 25127 | Snake:2  | 25127 ||| STAIRDANCE
 25129 | Snake:1  | 25129 ||| INVOKING Heroism.
 25207 | Snake:2  | 25207 ||| STAIRDANCE
 25214 | Snake:1  | Reached XP level 18. HP: 125/125 MP: 25/25
 25214 | Snake:1  | 25214 ||| DROPPING +4 war axe of flaming.
 25217 | Snake:2  | 25217 ||| STAIRDANCE
 25219 | Snake:1  | 25219 ||| INVOKING Heroism.
 25243 | Snake:2  | 25243 ||| STAIRDANCE
 25268 | Snake:2  | 25268 ||| Stepping ~*~*~tactically~*~*~ (hiding).
 25269 | Snake:2  | 25269 ||| INVOKING Heroism.
 25311 | Snake:2  | 25311 ||| INVOKING Heroism.
 25333 | Snake:2  | HP: 30/125 [naga mage/+0 spear (11)]
 25334 | Snake:2  | 25334 ||| READING 5 scrolls of teleportation.
 25335 | Snake:2  | 25335 ||| DRINKING 2 potions of heal wounds.
 25377 | Snake:2  | 25377 ||| Stepping ~*~*~tactically~*~*~ (stealth).
 25386 | Snake:2  | 25386 ||| INVOKING Heroism.
 25414 | Snake:2  | Reached skill level 9 in Throwing
 25448 | Snake:2  | 25448 ||| Stepping ~*~*~tactically~*~*~ (hiding).
 25453 | Snake:2  | 25453 ||| INVOKING Heroism.
 25495 | Snake:2  | 25495 ||| Stepping ~*~*~tactically~*~*~ (hiding).
 25499 | Snake:2  | 25499 ||| Stepping ~*~*~tactically~*~*~ (hiding).
 25504 | Snake:2  | 25504 ||| INVOKING Heroism.
 25512 | Snake:2  | 25512 ||| Stepping ~*~*~tactically~*~*~ (hiding).
 25513 | Snake:2  | 25513 ||| Stepping ~*~*~tactically~*~*~ (hiding).
 25575 | Snake:2  | 25575 ||| INVOKING Heroism.
 25760 | Snake:2  | Found Tysyllio's Book Shoppe.
 25762 | Snake:2  | Found Danamiyve's Assorted Antiques.
 25764 | Snake:2  | Found Bohuzipt's Antique Weapon Shoppe.
 25789 | Snake:2  | 25789 ||| SHOPLISTING potion of mutation (288 gold, have
                  | 272).
 25789 | Snake:2  | 25789 ||| BUYING scroll of teleportation (108 gold).
 25789 | Snake:2  | Bought a scroll of teleportation for 108 gold pieces
 25789 | Snake:2  | 25789 ||| BUYING scroll of teleportation (108 gold).
 25789 | Snake:2  | Bought a scroll of teleportation for 108 gold pieces
 25801 | Snake:2  | 25801 ||| Stepping ~*~*~tactically~*~*~ (hiding).
 25807 | Snake:2  | 25807 ||| Stepping ~*~*~tactically~*~*~ (stealth).
 25986 | Snake:2  | Identified the +8 scimitar "Alout" {freeze, *Noise rPois
                  | rF+ rN++}
 26034 | Snake:2  | 26034 ||| INVOKING Heroism.
 26128 | Snake:2  | 26128 ||| UPGRADING to +2 tower shield of positive energy.
 26138 | Snake:2  | 26138 ||| DROPPING +2 buckler of fire resistance.
 26139 | Snake:2  | 26139 ||| DROPPING +1 buckler of cold resistance.
 26140 | Snake:2  | 26140 ||| DROPPING +3 warlock's mirror {reflect}.
 26141 | Snake:2  | 26141 ||| DROPPING +0 chain mail of poison resistance.
 26416 | Snake:3  | 26416 ||| Stepping ~*~*~tactically~*~*~ (stealth).
 26418 | Snake:3  | 26418 ||| Stepping ~*~*~tactically~*~*~ (stealth).
 26423 | Snake:3  | 26423 ||| INVOKING Heroism.
 26479 | Snake:3  | 26479 ||| INVOKING Heroism.
 26501 | Snake:3  | Received a gift from Okawaru
 26502 | Snake:3  | Reached skill level 12 in Shields
 26688 | Snake:3  | 26688 ||| Stepping ~*~*~tactically~*~*~ (hiding).
 26693 | Snake:3  | 26693 ||| INVOKING Heroism.
 27358 | Snake:3  | 27358 ||| PLANNING SHOALS:4
 27358 | Snake:3  | 27358 ||| DROPPING amulet of magic regeneration.
 27541 | Shoals:4 | Entered Level 4 of the Shoals
 27554 | Shoals:4 | 27554 ||| INVOKING Heroism.
 27574 | Shoals:4 | 27574 ||| INVOKING Finesse.
 27576 | Shoals:4 | Paralysed by an air elemental for 1 turns
 27582 | Shoals:4 | Received a gift from Okawaru
 27582 | Shoals:4 | Paralysed by an air elemental for 1 turns
 27647 | Shoals:4 | 27647 ||| Stepping ~*~*~tactically~*~*~ (hiding).
 27651 | Shoals:4 | 27651 ||| INVOKING Heroism.
 27701 | Shoals:4 | Identified the +9 battleaxe of Ambiguity {vorpal, rElec
                  | Int+2 Stlth+}
 27701 | Shoals:4 | Identified the ring "Mitwoh" {rCorr Dex+6}
 27702 | Shoals:4 | 27702 ||| Stepping ~*~*~tactically~*~*~ (stealth).
 27705 | Shoals:4 | 27705 ||| INVOKING Heroism.
 27713 | Shoals:4 | Noticed a titan
 27715 | Shoals:4 | 27715 ||| INVOKING Finesse.
 27731 | Shoals:4 | Killed a titan
 27748 | Shoals:4 | 27748 ||| INVOKING Finesse.
 27817 | Shoals:4 | 27817 ||| INVOKING Heroism.
 27818 | Shoals:4 | 27818 ||| INVOKING Finesse.
 27844 | Shoals:4 | 27844 ||| Stepping ~*~*~tactically~*~*~ (stealth).
 27845 | Shoals:4 | 27845 ||| Stepping ~*~*~tactically~*~*~ (stealth).
 27882 | Shoals:4 | Got a barnacled rune of Zot
 27947 | Shoals:4 | 27947 ||| INVOKING Heroism.
 27953 | Shoals:4 | Received a gift from Okawaru
 27976 | Shoals:4 | 27976 ||| INVOKING Heroism.
 27983 | Shoals:4 | HP: 25/127 [water nymph/the raging water (12)]
 27984 | Shoals:4 | 27984 ||| READING 8 scrolls of teleportation.
 27984 | Shoals:4 | HP: 9/127 [merfolk impaler/+1 trident of venom (17)]
 27985 | Shoals:4 | 27985 ||| DRINKING 2 potions of heal wounds.
 27986 | Shoals:4 | 27986 ||| DRINKING potion of heal wounds.
 27989 | Shoals:4 | 27989 ||| READING 7 scrolls of teleportation.
 27989 | Shoals:4 | HP: 19/127 [water nymph/the raging water (11)]
 27991 | Shoals:4 | HP: 6/127 [merfolk/+0 spear[a merfolk impaler] (7)]
 27992 | Shoals:4 | HP: 2/127 [water nymph/the raging water (5)]
 27992 | Shoals:4 | Hit by a javelin thrown by a merfolk javelineer

Levels and vault maps discovered:
D:1:      minmay_arrival_shoal_huts, layout_basic,
          shapermc_ecumenical_altar_mp_ritualfount, serial_shops,
          nicolae_shop_bloodbath_and_beyond, serial_forest,
          infiniplex_forest_lined_room_3, infiniplex_forest_lined_2,
          infiniplex_forest_clump_small, infiniplex_forest_corner_1,
          infiniplex_forest_pool, infiniplex_forest_split,
          infiniplex_forest_lined_room_3, infiniplex_forest_corner_2,
          chequers_serial_rivers_micro_c, glass_columns_a
D:2:      layout_loops_corners, uniq_sigmund
D:3:      layout_rooms, nicolae_overflow_crystal_walls, bloody_makhleb,
          mainiacjoe_overflow_alcove_2
D:4:      layout_loops_cross, cheibrodos_sewer_entry_bend
D:5:      layout_basic, saegor_snake_ambush
D:6:      layout_basic, grunt_temple_overflow_open, skrybe_limestone_x,
          serial_bayou_pond_b, hex_intersection, kennysheep_big_empty_room,
          minmay_ruined_shrine
D:7:      layout_basic, led_xom_imps, nicolae_wu_jian_wuxing_cycle,
          minmay_temple_entry_trees, serial_shops, shop, uniq_duvessa
D:8:      layout_loops_cross, nicolae_hepliaklqana_hippocampus,
          grunt_gozag_statues, serial_shops, shop, minmay_bent
D:9:      cheibrodos_wizards_tower, layout_rooms,
          nicolae_ru_sacrificial_ziggurat, kennysheep_mini, okawaru_trees_2,
          minmay_lair_entry_grove, david_orc_5,
          minmay_fractal_squares_gapless_5, uniq_maggie
D:10:     layout_gridville, nicolae_dithmenos_the_darkroom, minivault_20,
          bh_walls_and_bars, uniq_grum
D:11:     wad_statue_garden, layout_basic, biasface_ghost_orc_armoury,
          serial_rivers, chequers_serial_rivers_marsh,
          chequers_serial_rivers_micro_c, chequers_serial_rivers_micro_d,
          chequers_serial_rivers_room_b, chequers_serial_rivers_marsh,
          chequers_serial_rivers_micro_c
D:12:     layout_loops_corners, hangedman_decor_slide_cut
D:13:     dreamdust_experimentation, layout_long_grid,
          nicolae_trove_entry_path_of_doom, minivault_19, uniq_josephine
D:14:     layout_basic, david_vaults_3, abandoned_shop
D:15:     grunt_enter_depths_magical_seal, layout_irregular_city, uniq_azrael
Lair:1:   layout_concentric_octagons, evilmike_ambush
          [evilmike_ambush_outer_pillars, evilmike_ambush_inner_cross]
Lair:2:   layout_small_grid, elwin_shoals_entry_rooms, lemuel_fruit_tree,
          grunt_megastairs_2, infiniplex_staircase_pool_2, uniq_urug,
          uniq_amaemon, uniq_harold
Lair:3:   layout_gridlike, guppyfry_snake_entry_garden, uniq_nessos
Lair:4:   nzn_winding_woodlands_small [nzn_winding_woodlands_5x15_default,
          nzn_winding_woodlands_center_pierced_h,
          nzn_winding_woodlands_5x15_zeroes], layout_regular_city
Lair:5:   minmay_lair_end_enchanted_forest, layout_layer_cave, slime_entry_1,
          gammafunk_ghost_cemetery, kilobyte_rumbling_trees,
          serial_bayou_shore_a
Shoals:1: layout_shoals, uniq_mlioglotl, uniq_frances, uniq_jorgrun
Shoals:2: layout_shoals, abandoned_shop, uniq_polyphemus
Shoals:3: layout_shoals, uniq_roxanne
Shoals:4: shoals_end_hellmonk_storm_palace [storm_palace_center_circular,
          storm_palace_corner_pillars, storm_palace_corner_narrow,
          storm_palace_corner_narrow, storm_palace_corner_narrow]
Snake:1:  layout_onion_interference, grunt_megastairs_3, minmay_shoptagon
Snake:2:  layout_misc_corridors, grunt_ministairs_1, nicolae_snake_omega,
          minmay_shop_star
Snake:3:  layout_chambers, drop_trap, nicolae_snake_mages_go_home
Orc:1:    layout_diamond_mine, serial_shops, nicolae_shop_behind_doors,
          basic_altar
Orc:2:    kennysheep_orc_mage_school, layout_caves, kennysheep_orc_sif_temple,
          uniq_maurice

Skill      XL: |  1  2  3  4  5  6  7  8  9 10 11 12 13 14 15 16 17 18 |
---------------+-------------------------------------------------------+-----
Axes           | 2 3 4 5 7 9 10 11 13 14 16 | 16.0
Throwing       | 2 3 4 5 6 7 8 9 |  9.0
Fighting       | 4 6 7 8 9 10 11 12 14 16 18 | 18.8
Dodging        | 1 2 3 4 |  4.0
Invocations    | 1 5 6 10 | 10.0
Shields        | 4 5 6 7 8 9 10 11 14 | 14.3
Armour         | 5 7 8 10 11 13 15 16 17 | 17.0

Action                   |  1- 3 |  4- 6 |  7- 9 | 10-12 | 13-15 | 16-18 || total
-------------------------+-------+-------+-------+-------+-------+-------++-------
Melee: War axe           |    74 |    68 |   110 |   393 |   723 |  1265 ||  2633
       Demon whip        |       |       |       |       |    23 |       ||    23
Throw: Javelin           |     6 |    28 |    19 |    65 |   144 |    70 ||   332
       Boomerang         |       |       |       |     4 |    46 |     3 ||    53
Invok: Heroism           |       |       |     5 |    24 |    40 |    52 ||   121
       Finesse           |       |       |       |     1 |    18 |     9 ||    28
  Use: Scroll            |     2 |    11 |     3 |     9 |     9 |     7 ||    41
       Potion            |     2 |     3 |       |     1 |     1 |     3 ||    10
Armor: Scale mail        |    50 |    33 |    65 |    23 |       |       ||   171
       Chain mail        |       |       |       |    62 |       |       ||    62
       Plate armour      |       |       |       |    85 |   397 |   696 ||  1178
Dodge: Dodged            |    41 |    26 |    51 |    96 |   185 |   344 ||   743
Block: Buckler           |     9 |     9 |    13 |    72 |   170 |   499 ||   772
       Reflection        |       |       |       |       |       |    82 ||    82
       Tower shield      |       |       |       |       |       |   306 ||   306

Table legend:
 A = Non-vault XP
 B = Vault XP
 C = Vault XP percentage of total XP
 D = Non-vault monster count
 E = Vault monster count
 F = Vault count percentage of total count
                 A         B        C        D         E       F
            +---------+---------+-------+---------+---------+-------
      Total |  206193 |  108020 |  34.4 |     725 |     317 |  30.4
            +---------+---------+-------+---------+---------+-------
        D:1 |      17 |       0 |   0.0 |      11 |       0 |   0.0
        D:2 |      58 |     231 |  79.9 |      22 |       1 |   4.3
        D:3 |      42 |       0 |   0.0 |      19 |       0 |   0.0
        D:4 |     233 |      10 |   4.1 |       7 |       2 |  22.2
        D:5 |     254 |      13 |   4.9 |       5 |       1 |  16.7
        D:6 |     955 |     386 |  28.8 |      18 |       7 |  28.0
        D:7 |     400 |     407 |  50.4 |       3 |       6 |  66.7
        D:8 |    1264 |    1400 |  52.6 |      22 |       6 |  21.4
        D:9 |    2257 |    4345 |  65.8 |      29 |      40 |  58.0
       D:10 |    3467 |    1418 |  29.0 |      23 |       4 |  14.8
       D:11 |    3874 |    5392 |  58.2 |       8 |      14 |  63.6
       D:12 |    9611 |       0 |   0.0 |      37 |       0 |   0.0
       D:13 |    3029 |    5821 |  65.8 |       7 |      13 |  65.0
       D:14 |    3997 |    7130 |  64.1 |       6 |      20 |  76.9
       D:15 |   13824 |    6497 |  32.0 |      27 |      16 |  37.2
     Lair:1 |    4484 |    1308 |  22.6 |      22 |       6 |  21.4
     Lair:2 |    2925 |    3884 |  57.0 |      13 |       8 |  38.1
     Lair:3 |   12144 |    1194 |   9.0 |      38 |       2 |   5.0
     Lair:4 |    8593 |    2977 |  25.7 |      38 |       8 |  17.4
     Lair:5 |    8245 |    9259 |  52.9 |      30 |      48 |  61.5
   Shoals:1 |   14480 |    5181 |  26.4 |      34 |       3 |   8.1
   Shoals:2 |   20483 |    4016 |  16.4 |      39 |       4 |   9.3
   Shoals:3 |   21444 |    1393 |   6.1 |      42 |       1 |   2.3
   Shoals:4 |    9502 |   16034 |  62.8 |      25 |      28 |  52.8
    Snake:1 |   25106 |    1649 |   6.2 |      47 |       2 |   4.1
    Snake:2 |   19048 |    7611 |  28.5 |      37 |      13 |  26.0
    Snake:3 |    2707 |   12573 |  82.3 |       7 |      23 |  76.7
      Orc:1 |    8199 |       0 |   0.0 |      62 |       0 |   0.0
      Orc:2 |    2900 |    7891 |  73.1 |      36 |      41 |  53.2
    Abyss:1 |    2651 |       0 |   0.0 |      11 |       0 |   0.0
            +---------+---------+-------+---------+---------+-------
